 Dungeon Crawl Stone Soup version 0.31-a0-233-g139696dc86 (webtiles) character file.

Game seed: 2132763791685210508

287 qw the Shooter (level 6, -3/52 HPs)
             Began as a Minotaur Hexslinger on July 9, 2023.
             Slain by Pikel
             ... wielding a +2 whip of freezing
              (7 damage)
             ... on level 3 of the Dungeon.
             The game lasted 00:01:06 (2626 turns).

qw the Shooter (Minotaur Hexslinger)                Turns: 2626, Time: 00:01:06

Health: -3/52      AC:  5    Str: 13    XL:     6   Next: 8%
Magic:  6/6        EV: 11    Int: 10    God:
Gold:   219        SH:  0    Dex: 14    Spells: 6/7 levels left

rFire   . . .        Y - +2 sling
rCold   . . .        (no shield)
rNeg    . . .        j - +0 ring mail
rPois   +            (helmet restricted)
rElec   +            (no cloak)
rCorr   .            (no gloves)
SInv    .            (no boots)
Will    +....        (no amulet)
Stlth   +            b - ring of Bodu {rElec Will+}
HPRegen 0.28/turn    d - ring of poison resistance
MPRegen 0.10/turn

%: no passive effects
@: no status effects
A: horns 2, retaliatory headbutt
a: no special abilities


You were on level 3 of the Dungeon.
You visited 1 branch of the dungeon, and saw 4 of its levels.

You collected 219 gold pieces.


Innate Abilities, Weirdness & Mutations

You have a pair of horns on your head.
You reflexively headbutt those who attack you in melee.


   Skills:
 + Level 3.6 Fighting
 - Level 6.1 Ranged Weapons
 - Level 1.0 Armour
 - Level 2.1 Dodging
 - Level 1.0 Spellcasting
 - Level 2.0 Hexes


You had 6 spell levels left.
You knew the following spells:

 Your Spells              Type           Power      Damage    Failure   Level
a - Slow                  Hex            16%        N/A       32%         1

Your spell library contained the following spells:

 Spells                   Type           Power      Damage    Failure   Level
 Inner Flame              Hex/Fire       2%         N/A       82%         3
 Portal Projectile        Hex/Tloc       4%         N/A       82%         3
 Cause Fear               Hex            2%         N/A       97%         4

Inventory:

Hand Weapons
 Y - a +2 sling (weapon)
Armour
 j - a +0 ring mail (worn)
Jewellery
 b - the ring of Bodu (left hand) {rElec Will+}
   (You found it on level 3 of the Dungeon)

   [ring of willpower]

   rElec:     It insulates you from electricity.
   Will:      It increases your willpower.
 d - a ring of poison resistance (right hand)
 f - a ring of resist corrosion
Scrolls
 a - a scroll of identify
Potions
 e - a potion of might

Dungeon Overview and Level Annotations

Branches:
Dungeon (4/15)
 Temple: D:4-7

Altars:
Gozag
Qazlal
Xom
The Shining One

Annotations:
D:3 Pikel


Message History

There is a stone staircase leading down here.
You shoot a sling bullet. The sling bullet misses Pikel.
Pikel misses you. The kobold misses you. The lemure completely misses you.
You shoot a sling bullet. The sling bullet hits Pikel.
Pikel is lightly wounded.
Pikel hits you but does no damage. The kobold closely misses you.
The lemure hits you.
You shoot a sling bullet. The sling bullet hits Pikel.
Pikel is moderately wounded.
Pikel completely misses you. The kobold hits you with a +0 whip.
The lemure hits you. Pikel barely misses you. You furiously retaliate!
You headbutt Pikel! The kobold hits you but does no damage.
The lemure hits you.
You shoot a sling bullet. The sling bullet closely misses Pikel.
Pikel hits you with a +2 whip of freezing.
Pikel freezes you. The kobold closely misses you. The lemure misses you.
You furiously retaliate!
You headbutt the lemure! You shoot a sling bullet.
The sling bullet barely misses Pikel.
Pikel closely misses you. You furiously retaliate!
You headbutt Pikel, but do no damage. The kobold hits you with a +0 whip.
The lemure barely misses you.
You shoot a sling bullet. The sling bullet hits Pikel.
Pikel is heavily wounded.
Pikel hits you with a +2 whip of freezing.
Pikel freezes you. The kobold misses you.
The lemure hits you but does no damage.
You shoot a sling bullet. The sling bullet barely misses Pikel.
Pikel hits you with a +2 whip of freezing!
Pikel freezes you. The kobold closely misses you.
The lemure closely misses you.
2625 ||| DRINKING potion of heal wounds.
You feel much better.
Pikel hits you with a +2 whip of freezing.
Pikel freezes you. The kobold barely misses you. You furiously retaliate!
You headbutt the kobold. The lemure barely misses you. You furiously retaliate!
You headbutt the lemure. You shoot a sling bullet. The sling bullet hits Pikel.
Pikel is severely wounded.
Pikel hits you with a +2 whip of freezing!
Pikel freezes you. The kobold closely misses you. The lemure hits you.
Pikel hits you with a +2 whip of freezing!
You die...

#.########.# #<...# #
#..........# #######.#### #
###..#######.# #..........# #
.........# #.######.#####.##.#
####^....# #.....##.#
#.##.#### #.....# #.....##.#
#.##.#... #.....###.....##.###
#.##.#.##
#.#.........KK5....###.##.#.##
#.#######....@................
#.........###.#..#)###.##.#%##
#############.#..#<...........
#.......#.#...........#...
#.#####.#.##.#............ #.#
#......#.####.##.### #:#
#####.##.#....##.# #.#
#.##.#....##.# # #.#
#.##.#....##+###


You could see Pikel, a lemure and a kobold.

Vanquished Creatures
  A sky beast (D:3)
  A lemure (D:3)
  2 hounds
  4 gnolls
  An adder (D:2)
  2 worms
  4 dart slugs (D:1)
  3 bats
  8 endoplasms
  3 giant cockroaches (D:3)
  7 goblins
  4 hobgoblins
  13 jackals
  2 quokkas (D:2)
  4 ball pythons
  9 frilled lizards
  6 kobolds
  2 rats (D:1)
76 creatures vanquished.

Notes
Turn   | Place    | Note
-------+----------+-------------------------------------------
     0 | D:1      | qw the Minotaur Hexslinger began the quest for the Orb.
     0 | D:1      | Reached XP level 1. HP: 16/16 MP: 1/1
     0 | D:1      | 0 ||| qw: Version: 0.3-a-51-g015441d
     0 | D:1      | 0 ||| qw: Game counter: 3771
     0 | D:1      | 0 ||| qw: Melee chars always use a shield: true
     0 | D:1      | 0 ||| qw: God list: Okawaru
     0 | D:1      | 0 ||| qw: Allow faded altars: false
     0 | D:1      | 0 ||| qw: Do Orc after clearing Dungeon:15 true
     0 | D:1      | 0 ||| qw: Do second Lair branch before Depths: true
     0 | D:1      | 0 ||| qw: Lair rune preference: random
     0 | D:1      | 0 ||| qw: Goals: Normal
     0 | D:1      | 0 ||| PLANNING D:1-11
    93 | D:1      | Reached skill level 3 in Ranged Weapons
    93 | D:1      | Reached XP level 2. HP: 23/23 MP: 2/2
   309 | D:1      | 309 ||| FLEEEEING.
   510 | D:1      | Reached XP level 3. HP: 29/29 MP: 3/3
   659 | D:1      | 659 ||| UPGRADING to +0 leather armour.
   669 | D:1      | 669 ||| DROPPING +0 robe.
   670 | D:1      | 670 ||| UPGRADING to ring of resist corrosion.
   671 | D:1      | 671 ||| READING 3 scrolls labelled GAEGGI ANOELAF.
   672 | D:1      | 672 ||| READING 2 scrolls labelled HACITU HYILISK.
   673 | D:1      | 673 ||| READING 2 scrolls labelled MADEOHIERU.
   674 | D:1      | 674 ||| READING scroll labelled ITEDAT LEPNUEX.
   675 | D:1      | 675 ||| DROPPING scroll of poison.
   676 | D:1      | 676 ||| DROPPING scroll of fear.
   677 | D:1      | 677 ||| DROPPING scroll of blinking.
   855 | D:2      | Reached skill level 4 in Ranged Weapons
   910 | D:2      | Found a shimmering altar of Xom.
  1083 | D:2      | You fall into a shaft and drop 1 floor!
  1104 | D:3      | Reached XP level 4. HP: 26/36 MP: 4/4
  1272 | D:3      | 1272 ||| UPGRADING to +0 ring mail.
  1282 | D:3      | 1282 ||| DROPPING +0 leather armour.
  1283 | D:3      | 1283 ||| UPGRADING to ring of poison resistance.
  1284 | D:3      | 1284 ||| READING scroll labelled MOVVEA SOUBLO.
  1285 | D:3      | 1285 ||| READING 2 scrolls labelled DACLOTISTRI.
  1286 | D:3      | 1286 ||| READING scroll labelled KIONGE TIFIRPH.
  1287 | D:3      | 1287 ||| READING scroll labelled ECIEQA LUIMO.
  1288 | D:3      | 1288 ||| READING 2 scrolls of identify.
  1288 | D:3      | 1288 ||| IDENTIFYING yellow potion
  1289 | D:3      | 1289 ||| DROPPING scroll of amnesia.
  1414 | D:3      | 1414 ||| STAIRDANCE
  1418 | D:2      | HP: 9/36 [gnoll/+0 flail (8)]
  1421 | D:2      | Reached skill level 1 in Armour
  1532 | D:3      | 1532 ||| STAIRDANCE
  1581 | D:3      | Reached skill level 5 in Ranged Weapons
  1646 | D:3      | Reached XP level 5. HP: 44/44 MP: 5/5
  1697 | D:3      | Identified the ring of Bodu {rElec Will+}
  1763 | D:3      | Reached skill level 3 in Fighting
  1768 | D:3      | Found a stormy altar of Qazlal.
  1768 | D:3      | Noticed a sky beast
  1778 | D:3      | Killed a sky beast
  1779 | D:3      | Reached skill level 6 in Ranged Weapons
  2217 | D:3      | Found an opulent altar of Gozag.
  2217 | D:3      | Found a glowing golden altar of the Shining One.
  2300 | D:3      | 2300 ||| UPGRADING to ring of Bodu {rElec Will+}.
  2422 | D:4      | Reached XP level 6. HP: 45/51 MP: 6/6
  2488 | D:4      | 2488 ||| FLEEEEING.
  2489 | D:4      | 2489 ||| FLEEEEING.
  2494 | D:4      | 2494 ||| FLEEEEING.
  2495 | D:4      | 2495 ||| FLEEEEING.
  2505 | D:4      | 2505 ||| FLEEEEING.
  2506 | D:4      | 2506 ||| FLEEEEING.
  2507 | D:4      | 2507 ||| FLEEEEING.
  2508 | D:4      | 2508 ||| FLEEEEING.
  2509 | D:4      | 2509 ||| FLEEEEING.
  2510 | D:4      | 2510 ||| FLEEEEING.
  2511 | D:4      | 2511 ||| STAIRDANCE
  2532 | D:3      | 2532 ||| READING scroll labelled VOYXAVV IDAO.
  2537 | D:3      | 2537 ||| READING 2 scrolls of identify.
  2537 | D:3      | 2537 ||| IDENTIFYING glowing emerald potion
  2546 | D:4      | Noticed Pikel
  2550 | D:4      | 2550 ||| STAIRDANCE
  2616 | D:4      | 2616 ||| STAIRDANCE
  2624 | D:3      | HP: 7/52 [Pikel/+2 whip of freezing (10)]
  2625 | D:3      | 2625 ||| DRINKING potion of heal wounds.
  2626 | D:3      | Slain by Pikel

Levels and vault maps discovered:
D:1:      nzn_arrival_water_spiral, layout_loops_ring, minmay_lizard_pond
D:2:      layout_basic, basic_altar
D:3:      layout_basic, nicolae_qazlal_beasts_of_the_sky,
          gammafunk_temple_overflow_pools
D:4:      layout_loops_ring, grunt_temple_overflow_diamond,
          minmay_misc_feat_plants, uniq_pikel

Skill      XL: |  1  2  3  4  5 |
---------------+----------------+-----
Ranged Weapons | 3 4 5 6 |  6.1
Fighting       | 2 3 |  3.6
Armour         | 1 |  1.0
Dodging        | |  2.1
Spellcasting   | |  1.0
Hexes          | |  2.0

Action                     |  1- 3 |  4- 6 || total
---------------------------+-------+-------++-------
   Fire: Sling             |   118 |   118 ||   236
    Use: Scroll            |     4 |     7 ||    11
         Potion            |       |     1 ||     1
 Armour: Robe              |     4 |       ||     4
         Leather armour    |     4 |       ||     4
         Ring mail         |       |    27 ||    27
  Dodge: Dodged            |    34 |    61 ||    95

Table legend:
 A = Non-vault XP
 B = Vault XP
 C = Vault XP percentage of total XP
 D = Non-vault monster count
 E = Vault monster count
 F = Vault count percentage of total count
                 A         B        C        D         E       F
            +---------+---------+-------+---------+---------+-------
      Total |     272 |     139 |  33.8 |      67 |       8 |  10.7
            +---------+---------+-------+---------+---------+-------
        D:1 |      43 |       7 |  14.0 |      19 |       7 |  26.9
        D:2 |      88 |       0 |   0.0 |      22 |       0 |   0.0
        D:3 |      90 |     132 |  59.5 |      19 |       1 |   5.0
        D:4 |      51 |       0 |   0.0 |       7 |       0 |   0.0
            +---------+---------+-------+---------+---------+-------
